 Seeded DCSS version 0.31-a0-263-ge8cad7f256 (webtiles) character file.

Game seed: 13275427502194390118 (custom seed)

737383 rocky1 the Petrodigitator (level 27, -7/196 (199) HPs)
             Began as a Gargoyle Earth Elementalist on July 7, 2023.
             Was the Champion of Vehumet.
             Killed by an exploding bennu (10 damage)
             ... ignited by themself
             ... on level 20 of a ziggurat on July 14, 2023.
             The game lasted 05:35:25 (94204 turns).

rocky1 the Petrodigitator (GrEE)                   Turns: 94204, Time: 05:35:27

HP:   -7/196 (199)  AC: 42    Str: 15    XL:     27
MP:   57/57         EV: 14    Int: 46    God:    Vehumet [******]
Gold: 2013          SH: 15    Dex: 13    Spells: 7/76 levels left

rFire   + + +        b - staff of earth
rCold   + + .        l - +2 shield of Resistance {rF++ rC++ Will++}
rNeg    + . .        R - +3 ring mail of Vexation {+Blink rF+ Int+8 Stlth-}
rPois   ∞            K - +0 hat "Pax Rien" {rElec Will++ rCorr Dex-3}
rElec   +            I - +2 cloak
rCorr   +            y - +2 pair of gloves {Stlth+}
SInv    .            A - +2 pair of boots
Will    +++++        v - amulet of the Teaching Ancients {RegenMP Int+2}
Stlth   +++          t - ring of Uvvafopo {Contam rPois Str+3 Int+6 Dex+6}
HPRegen 0.52/turn    z - ring of wizardry
MPRegen 0.75/turn

%: wizardry (x1)
@: flying, slowed, studying 2 skills, lightly drained, very slow
A: sickness immunity, AC +20, big wings, negative energy resistance 1,
electricity resistance, torment resistance 1, petrification resistance, talons
1, deterioration 1, high MP 1, screaming 1, MP-powered wands
}: 3/15 runes: barnacled, silver, gossamer
a: Renounce Religion, Evoke Blink


You were on level 20 of a ziggurat.
You worshipped Vehumet.
Vehumet was exalted by your worship.
You visited 12 branches of the dungeon, and saw 52 of its levels.
You visited 1 ziggurat, and saw 20 of its levels.
You also visited: Sewer and Ice Cave.

You collected 10565 gold pieces.
You spent 8552 gold pieces at shops.

Inventory:

Hand Weapons
 q - the +3 lajatang "Ovveolew" {flame, rF+ rN+ MP+9 Dex+3}
   (You found it on level 9 of a ziggurat)

   Dex:       It affects your dexterity (+3).
   rF:        It protects you from fire.
   rN:        It protects you from negative energy.
   MP:        It affects your magic capacity (+9).
Missiles
 E - a throwing net
Armour
 l - the +2 shield of Resistance (worn) {rF++ rC++ Will++}
   (You found it on level 12 of the Dungeon)

   rF:        It greatly protects you from fire.
   rC:        It greatly protects you from cold.
   Will:      It greatly increases your willpower.
 y - a +2 pair of gloves of stealth (worn)
 A - a +2 pair of boots (worn)
 I - a +2 cloak (worn)
 K - the +0 hat "Pax Rien" (worn) {rElec Will++ rCorr Dex-3}
   (You found it on level 3 of the Lair of Beasts)

   Dex:       It affects your dexterity (-3).
   rElec:     It insulates you from electricity.
   rCorr:     It protects you from acid and corrosion.
   Will:      It greatly increases your willpower.
 P - the +5 Storm Queen's Shield {shock, Fly rElec}
   (You found it on level 13 of a ziggurat)

   Shock:     When it blocks an attack, it may electrocute the attacker.
   This works even against foes who are a short distance away.
   rElec:     It insulates you from electricity.
   Fly:       It grants you flight.
 R - the +3 ring mail of Vexation (worn) {+Blink rF+ Int+8 Stlth-}
   (You bought it in a shop on level 12 of the Dungeon)

   Int:       It affects your intelligence (+8).
   rF:        It protects you from fire.
   +Blink:    It lets you blink.
   Stlth:     It makes you less stealthy.
Magical Staves
 a - a staff of air
 b - a staff of earth (weapon)
 i - the staff of the Screaming Priest {rN+ rCorr Str+4 Stlth+ Necro}
   (You found it on level 19 of a ziggurat)

   [staff of death]

   Base accuracy: +5 Base damage: 5 Base attack delay: 1.2 This weapon's minimum
   attack delay (0.6) is reached at skill level 12.
   Str:       It affects your strength (+4).
   rN:        It protects you from negative energy.
   rCorr:     It protects you from acid and corrosion.
   Necro:     It increases the power of your Necromancy spells.
   Stlth:     It makes you more stealthy.
   It falls into the 'Staves' category.
   It is a one-handed weapon.
 S - the staff "Camij" {+Blink rC- rN+ Int+4 Earth}
   (You found it on level 13 of a ziggurat)

   [staff of earth]

   Base accuracy: +5 Base damage: 5 Base attack delay: 1.2 This weapon's minimum
   attack delay (0.6) is reached at skill level 12.
   Int:       It affects your intelligence (+4).
   rC:        It makes you vulnerable to cold.
   rN:        It protects you from negative energy.
   +Blink:    It lets you blink.
   Earth:     It increases the power of your Earth spells.
   It falls into the 'Staves' category.
   It is a one-handed weapon.
Jewellery
 f - the ring "Osiczowi" {rF+ Str+3 Int+6}
   (You found it on level 18 of a ziggurat)

   [ring of intelligence]

   Str:       It affects your strength (+3).
   Int:       It affects your intelligence (+6).
   rF:        It protects you from fire.
 n - an amulet of faith
 t - the ring of Uvvafopo (left hand) {Contam rPois Str+3 Int+6 Dex+6}
   (You found it on level 4 of the Dungeon)

   [ring of dexterity]

   Str:       It affects your strength (+3).
   Int:       It affects your intelligence (+6).
   Dex:       It affects your dexterity (+6).
   rPois:     It protects you from poison.
   Contam:    It causes magical contamination when unequipped.
 v - the amulet of the Teaching Ancients (around neck) {RegenMP Int+2}
   (You found it on level 3 of a ziggurat)

   [amulet of magic regeneration]

   It increases your rate of magic regeneration.
   Int:       It affects your intelligence (+2).
 z - a ring of wizardry (right hand)
 H - the ring "Badwoeg" {Fire rCorr Int+7 Stlth-}
   (You found it on level 13 of a ziggurat)

   [ring of fire]

   It enhances your fire magic.
   Int:       It affects your intelligence (+7).
   rF:        It protects you from fire.
   rC:        It makes you vulnerable to cold.
   rCorr:     It protects you from acid and corrosion.
   Stlth:     It makes you less stealthy.
Talismans
 T - a talisman of death
Wands
 c - a wand of digging (21)
 x - a wand of mindburst (52)
 V - a wand of acid (32)
Scrolls
 d - 30 scrolls of teleportation
 g - a scroll of blinking
 k - 12 scrolls of fear
 D - 13 scrolls of fog
 F - 3 scrolls of summoning
 W - a scroll of enchant armour
 Y - 7 scrolls of revelation
 Z - 6 scrolls of amnesia
Potions
 h - a potion of experience
 j - 7 potions of cancellation
 m - 12 potions of enlightenment
 o - 16 potions of curing
 p - 3 potions of resistance
 r - 6 potions of brilliance
 s - 16 potions of might
 w - 7 potions of haste
 C - 3 potions of invisibility
 G - 2 potions of mutation
 M - 13 potions of ambrosia
Miscellaneous
 e - a tin of tremorstones (2/2)
 B - a sack of spiders
 O - a phial of floods
 U - a lightning rod (4/4)


   Skills:
 O Level 27 Fighting
 - Level 12.0 Staves
 - Level 12.0 Armour
 - Level 10.0 Dodging
 - Level 6.5 Stealth
 - Level 14.1 Shields
 + Level 25.0 Spellcasting
 - Level 13.8 Conjurations
 - Level 5.2 Summonings
 - Level 0.7 Transmutations
 - Level 17.8 Fire Magic
 - Level 11.7 Ice Magic
 - Level 13.0 Air Magic
 O Level 27 Earth Magic
 - Level 5.0 Poison Magic
 - Level 7.3 Evocations
 - Level 0.5 Shapeshifting


You had 7 spell levels left.
You knew the following spells:

 Your Spells              Type           Power      Damage    Failure   Level
a - Lehudib's Crystal Sp  Conj/Erth      76%        10d17     1%          8
b - Fire Storm            Conj/Fire      58%        8d15      13%         9
c - Polar Vortex          Ice            52%        12d7*     47%         9
d - Lee's Rapid Deconstr  Erth           83%        3d37*     0%          5
e - Blink                 Tloc           100%       N/A       1%          2
f - Irradiate             Conj/Tmut      45%        3d26      1%          5
i - Maxwell's Capacitive  Air            54%        ∞         3%          8
j - Plasma Beam           Fire/Air       58%        2x1d73    1%          6
k - Ignition              Fire           61%        3d16      1%          8
l - Shatter               Erth           83%        3d60*     1%          9

Your spell library contained the following spells:

 Spells                   Type           Power      Damage    Failure   Level
 Sandblast                Erth           100%       2d20      0%          1
 Shock                    Conj/Air       100%       1d9       0%          1
 Passwall                 Tmut/Erth      100%       N/A       0%          2
 Scorch                   Fire           100%       2d9       0%          2
 Static Discharge         Conj/Air       100%       2-7/arc   0%          2
 Hailstorm                Conj/Ice       100%       3d20      0%          3
 Ozocubu's Armour         Ice            100%       N/A       0%          3
 Stone Arrow              Conj/Erth      100%       3d13      0%          3
 Swiftness                Air            100%       N/A       0%          3
 Animate Armour           Summ/Erth      100%       N/A       0%          4
 Flame Wave               Conj/Fire      100%       2d21      0%          4
 Sticky Flame             Conj/Fire      100%       2d11      0%          4
 Apportation              Tloc           100%       N/A       1%          1
 Kiss of Death            Conj/Necr      100%       2d13      1%          1
 Necrotise                Necr           100%       1d9       1%          1
 Slow                     Hex            100%       N/A       1%          1
 Sting                    Tmut/Pois      100%       1d8       1%          1
 Ensorcelled Hibernation  Hex/Ice        100%       N/A       1%          2
 Lesser Beckoning         Tloc           100%       N/A       1%          2
 Poisonous Vapours        Pois/Air       100%       N/A       1%          2
 Wereblood                Tmut           59%        N/A       1%          2
 Call Canine Familiar     Summ           82%        N/A       1%          3
 Confusing Touch          Hex            55%        N/A       1%          3
 Gell's Gravitas          Tloc           55%        N/A       1%          3
 Ignite Poison            Fire/Tmut/Pois 92%        N/A       1%          3
 Inner Flame              Hex/Fire       96%        N/A       1%          3
 Portal Projectile        Hex/Tloc       100%       N/A       1%          3
 Summon Guardian Golem    Hex/Summ       69%        N/A       1%          3
 Teleport Other           Tloc           55%        N/A       1%          3
 Tukima's Dance           Hex            55%        N/A       1%          3
 Vampiric Draining        Necr           55%        2d9       1%          3
 Vhi's Electric Charge    Tloc/Air       100%       N/A       1%          3
 Volatile Blastmotes      Fire/Tloc      100%       2d18      1%          3
 Airstrike                Air            54%        2d(8-24)  1%          4
 Fulminant Prism          Conj/Hex       44%        3d19      1%          4
 Iskenderun's Mystic Bla  Conj/Tloc      88%        2d17      1%          4
 Leda's Liquefaction      Hex/Erth       67%        N/A       1%          4
 Olgreb's Toxic Radiance  Pois           81%        N/A       1%          4
 Petrify                  Tmut/Erth      100%       N/A       1%          4
 Summon Ice Beast         Ice/Summ       94%        N/A       1%          4
 Summon Lightning Spire   Summ/Air       96%        N/A       1%          4
 Arcjolt                  Conj/Air       55%        1d65      1%          5
 Fireball                 Conj/Fire      58%        3d22      1%          5
 Freezing Cloud           Conj/Ice/Air   54%        6-21      1%          5
 Iskenderun's Battlesphe  Conj           100%       2d15      1%          5
 Metabolic Englaciation   Hex/Ice        42%        N/A       1%          5
 Leda's Unmaking          Conj/Erth      76%        9d12      1%          6
 Starburst                Conj/Fire      58%        6d16      1%          6
 Orb of Destruction       Conj           55%        9d14      1%          7
 Ozocubu's Refrigeration  Ice            52%        4d19      1%          7
 Spellforged Servitor     Conj/Summ      49%        N/A       1%          7
 Alistair's Intoxication  Tmut/Pois      47%        N/A       2%          5
 Yara's Violent Unravell  Hex/Tmut       28%        3d12      2%          5
 Cause Fear               Hex            27%        N/A       3%          4
 Dispel Undead            Necr           55%        3d20      3%          4
 Manifold Assault         Tloc           55%        N/A       3%          4
 Passage of Golubria      Tloc           55%        N/A       3%          4
 Summon Forest            Summ/Tloc      34%        N/A       3%          5
 Summon Mana Viper        Hex/Summ       69%        N/A       3%          5
 Eringya's Noxious Bog    Tmut/Pois      35%        4d6       4%          6
 Simulacrum               Ice/Necr       42%        N/A       4%          6
 Summon Cactus Giant      Summ           41%        N/A       6%          6
 Agony                    Necr           55%        N/A       9%          5
 Monstrous Menagerie      Summ           41%        N/A       28%         7
 Summon Hydra             Summ           41%        N/A       28%         7
 Death Channel            Necr           27%        N/A       41%         6
 Dispersal                Tloc           27%        N/A       41%         6
 Haunt                    Necr/Summ      34%        N/A       63%         7
 Malign Gateway           Summ/Tloc      34%        N/A       63%         7
 Enfeeble                 Hex            27%        N/A       92%         7
 Summon Horrible Things   Summ           41%        N/A       90%         8
 Borgnjor's Revivificati  Necr           27%        N/A       100%        8
 Discord                  Hex            27%        N/A       100%        8
 Disjunction              Tloc           27%        N/A       100%        8
 Infestation              Necr           27%        N/A       100%        8
 Dragon's Call            Summ           41%        N/A       100%        9
 Cigotuvi's Dreadful Rot  Necr/Pois/Air  Unusable   N/A       N/A         2

Dungeon Overview and Level Annotations

Branches:
Dungeon (15/15)            Temple (0/1) D:4            Lair (5/5) D:8
 Shoals (4/4) Lair:2       Spider (4/4) Lair:2        Slime (0/5) Lair:5
    Orc (2/2) D:12            Elf (3/3) Orc:2        Vaults (5/5) D:14
  Crypt (3/3) Vaults:3       Tomb (1/3) Crypt:3      Depths (4/4) D:15
   Hell (visited)             Dis (0/7) Hell            Geh (0/7) Hell
    Coc (0/7) Hell            Tar (0/7) Hell            Zot (5/5) Depths:4
  Sewer (visited)           IceCv (visited)

Altars:
Ashenzari
Cheibriados
Dithmenos
Fedhas
Gozag
Hepliaklqana
Kikubaaqudgha
Makhleb
Nemelex Xobeh
Okawaru
Qazlal
Ru
Trog
Vehumet
Wu Jian
Yredelemnul
Zin
The Shining One
Jiyva

Shops:
D:1 :==[   D:5 =   D:12 [   Orc:1 (   Orc:2 :[*   Elf:2 [   Shoals:1 !
Vaults:3 :   Vaults:5 **=[   Zot:5 *   Depths:1 !

Portals:
Hell: Depths:1 Depths:2 Depths:3 Depths:4
Abyss: Depths:3
Pandemonium: Depths:2
Trove: Elf:2 (show slimy rune of Zot)

Annotations:
D:4 Duvessa
D:12 1 runed translucent door


Innate Abilities, Weirdness & Mutations

You are immune to sickness and miasma.
Your stone body is resilient. (AC +20)
You are immune to poison.
Your large and strong wings let you fly.
You resist negative energy. (rN+)
You are resistant to electric shocks. (rElec)
You are resistant to unholy torment.
You are immune to petrification.
You have sharp toenails.
Your body sometimes deteriorates upon taking damage.
You have an increased reservoir of magic. (+10% MP)
You occasionally shout uncontrollably at your foes.
You expend magic power (3 MP) to strengthen your wands.


Message History

Confirm with . or Enter, or press ? or * to list all spells.
You feel a surge of power!
The dungeon rumbles!
You destroy the caustic shrike zombie!
Vehumet accepts your kill.
You feel your power returning.
The bennu is almost dead.
The royal mummy is almost destroyed.
You block the bennu's attack. x2; The bennu closely misses you.
A quicksilver dragon skeleton comes into view.
The bennu pecks you!
* * * LOW HITPOINT WARNING * * *
The bennu claws you but does no damage. The bennu claws you!
* * * LOW HITPOINT WARNING * * *
Unknown command.
Unknown command.
Casting: Shatter (mildly dangerous; 1% risk of failure)
Confirm with . or Enter, or press ? or * to list all spells.
You feel a surge of power!
The dungeon rumbles!
Vehumet accepts your kill.
You feel your power returning.
The bennu, emptied of spiritual energy, fades out from this realm.
You destroy the royal mummy!
Vehumet accepts your kill.
You feel your power returning.
The royal mummy is severely damaged.
You destroy the quicksilver dragon skeleton!
Vehumet accepts your kill.
You feel your power returning.
You destroy the mummy priest!
Vehumet accepts your kill.
You feel your power returning.
You feel extremely nervous for a moment...
Pain shoots through your body!
* * * LOW HITPOINT WARNING * * *
You feel extremely nervous for a moment...
You feel a surge of unholy energy.
The bennu blazes out!
The pyre of ghostly fire engulfs you! You partially resist.
You feel drained.
You die...

▓▓▓▓▓▓▓▓▓ ........▓
........▓ ........▓
........▓ ........▓
▓▓............@▓▓▓▓▓▓▓▓▓▓▓
.......M.................▓
.........................▓
.........................▓
M.§.§....................▓
M...§...†................▓
9.§......................▓
.sM.b§..................∩▓
.M.§...§.................▓


You could see a royal mummy.

Vanquished Creatures
  8 ancient liches
  Khufu (Crypt:1)
  14 dread liches
  12 orbs of fire
  Mara (Vaults:2)
  Mennas (Depths:3)
  2 juggernauts (Depths:4)
  32 royal mummies
  The ghost of salammoniac the Intangible, a legendary FeSh of Jiyva (Zot:5)
  Sojobo (Vaults:2)
  Margery (Vaults:4)
  Vv (Zot:2)
  9 Killer Klowns (Zot:5)
  2 curse toes
  Geryon (Hell)
  A caustic shrike (Zig:14)
  8 golden dragons
  Jory (Crypt:1)
  2 bone dragons
  Nikola (Spider:1)
  3 Brimstone Fiends (Zig:10)
  Zenata (Vaults:1)
  A hellephant (Zig:10)
  4 electric golems
  A walking crystal tome (Depths:3)
  The ghost of Roffer the Warrior, an adept DsGl of Cheibriados (Depths:1)
  25 tentacled monstrosities
  25 Orb Guardians
  9 liches
  7 deep elf blademasters
  A pandemonium lord (Zig:1)
  9 quicksilver dragons
  3 deep elf master archers
  9 searing wretches
  6 titans
  4 acid blobs
  15 sphinxes
  19 ancient champions
  Frances (D:14)
  13 death cobs
  4 tengu reavers
  2 krakens (Shoals:3)
  The ghost of Shard1697 the Peltast, an adept AtFi of Gozag (Spider:2)
  9 shadow dragons
  Ilsuiw (Shoals:3)
  4 draconian monks
  15 storm dragons
  The ghost of Kevimi the Acrobat, an adept FeNe of Sif Muna (Vaults:1)
  3 rockslimes
  11 revenants
  5 draconian scorchers
  4 azure jellies
  5 draconian knights
  15 vault wardens
  6 emperor scorpions
  13 deep elf sorcerers
  Louise (D:14)
  13 frost giants
  9 balrugs
  22 fire giants
  A spectral juggernaut (Depths:2)
  A caustic shrike zombie (Zig:20)
  8 ghost moths
  2 iron dragons
  7 draconian shifters
  6 curse skulls
  28 ironbound preservers
  7 draconian stormcallers
  2 angels
  3 orc warlords
  A spriggan defender (Depths:3)
  2 draconian annihilators
  3 deep elf elementalists (Elf:3)
  A broodmother (Spider:2)
  A caustic shrike skeleton (Tomb:1)
  8 quicksilver oozes
  7 reapers
  6 deep elf demonologists
  16 stone giants
  21 very ugly things
  2 ophanim (Zig:4)
  A rockslime zombie (Crypt:2)
  3 grey draconians (Zot:1)
  11 ironbound thunderhulks
  An eleionoma (Zig:3)
  2 war gargoyles
  A broodmother (shapeshifter) (Depths:3)
  An apis (Zig:4)
  15 vampire knights
  Nessos (D:14)
  8 green draconians
  A formless jellyfish (Vaults:4)
  9 black draconians
  A lorocyproca (Hell)
  15 red draconians
  2 demonspawn black suns (Zig:17)
  A starcursed mass (Zig:6)
  Azrael (D:14)
  2 bennus (Zig:20)
  9 white draconians
  24 dire elephants
  12 deep elf annihilators
  7 spark wasps
  10 yellow draconians
  12 purple draconians
  10 merfolk javelineers
  3 blizzard demons (Depths:1)
  21 fire dragons
  8 eidola
  14 ettins
  7 deep elf death magi
  20 mummy priests
  A shambling mangrove (Zig:3)
  A quicksilver dragon zombie (Crypt:2)
  2 crystal guardians
  10 merfolk impalers
  A spriggan zombie (Tomb:1)
  6 rakshasas
  6 great orbs of eyes
  6 entropy weavers
  23 yaktaur captains
  The ghost of NightmareEGirl the Protected, a journeyman GrFi of Ru (Orc:2)
  12 deep elf high priests
  9 ice dragons
  Erolcha (D:12)
  An entropy weaver (shapeshifter) (Depths:3)
  7 jiangshi
  42 vault guards
  2 alligator snapping turtles
  A quicksilver dragon skeleton (Zig:20)
  2 peacekeepers
  12 hydras
  2 hell beasts (Depths:2)
  11 ironbound frosthearts
  5 merfolk avatars
  An anaconda (shapeshifter) (Depths:1)
  6 boulder beetles
  3 catoblepae
  10 two-headed ogres
  A spriggan air mage (Depths:2)
  4 ogre magi
  5 deep troll shamans
  5 centaur warriors
  A stoker (Hell)
  30 dancing weapons
  4 satyrs
  A radroach (Spider:2)
  11 tengu warriors
  The ghost of liarliar the Summoner, a journeyman HuSu of Gozag (Lair:1)
  10 merfolk aquamancers
  2 death knights
  9 vampire magi
  9 death scarabs
  3 deep troll earth magi
  6 demonic crawlers
  A death yak (Lair:5)
  10 hell hogs
  2 thrashing horrors (Zig:6)
  Urug (Orc:1)
  4 orc high priests
  4 soul eaters
  18 hell knights
  8 skysharks
  A titan skeleton (Zig:20)
  3 spriggan berserkers
  A wretched star (Zig:6)
  A storm dragon zombie (Zig:20)
  24 deep elf knights
  Lodul (D:14)
  4 pharaoh ants
  13 fire crabs
  A skyshark (shapeshifter) (Zig:16)
  5 shadow wraiths
  14 skeletal warriors
  2 sun moths (Spider:2)
  6 iron trolls
  A quicksilver dragon simulacrum (Depths:2)
  A spriggan druid (Zig:14)
  A storm dragon skeleton (Crypt:1)
  5 glowing orange brains
  A deep troll (shapeshifter) (Vaults:4)
  2 anaconda zombies (Hell)
  81 deep trolls
  8 orb spiders
  9 flayed ghosts
  13 sea snakes
  2 bunyip skeletons
  21 ironbound convokers
  5 steelbarb worms
  10 wizards
  19 deep elf archers
  6 lindwurms
  13 necromancers
  3 orange crystal statues (IceCv)
  A golden dragon skeleton (Zig:20)
  2 obsidian statues (Zot:5)
  21 wolf spiders
  29 harpies
  31 deep elf pyromancers
  42 deep elf zephyrmancers
  11 phantasmal warriors
  14 orc knights
  A tengu zombie (Zig:20)
  16 cyclopes
  2 fauns (shapeshifter)
  40 ugly things
  An anaconda skeleton (Crypt:3)
  A wolf spider (shapeshifter) (Zig:7)
  4 orc sorcerers (Orc:2)
  13 manticores
  19 fauns
  An oklob plant (Lair:3)
  6 shining eyes
  12 elephants
  24 moths of wrath
  An eleionoma skeleton (Crypt:3)
  A shock serpent zombie (Crypt:2)
  9 black mambas
  A centaur zombie (Tomb:1)
  7 torpor snails
  A guardian serpent (shapeshifter) (Vaults:5)
  16 cane toads
  11 merfolk sirens
  20 vault sentinels
  A rust devil (Hell)
  12 water nymphs
  2 eyes of devastation
  3 molten gargoyles (Lair:5)
  A pale draconian zombie (Crypt:2)
  11 freezing wraiths
  A hellion (Zig:10)
  2 gargoyles (D:12)
  A sea snake zombie (Hell)
  2 centaur skeletons
  An orb spider zombie (Crypt:1)
  11 rime drakes
  An unseen horror (shapeshifter) (Depths:4)
  An elf skeleton (Vaults:2)
  A cane toad (shapeshifter) (Vaults:5)
  28 yaktaurs
  A dire elephant skeleton (Crypt:1)
  An unseen horror (D:12)
  12 efreet
  A komodo dragon (shapeshifter) (Vaults:2)
  An anaconda simulacrum (Hell)
  16 komodo dragons
  2 hydra zombies (Hell)
  10 ice devils
  A human skeleton (Vaults:2)
  A mana viper zombie (Crypt:3)
  A red devil (Hell)
  A tormentor (Zig:10)
  6 tengu conjurers
  A merfolk (shapeshifter) (Vaults:5)
  3 polar bears
  18 guardian mummies
  A polar bear (shapeshifter) (D:14)
  An unseen horror skeleton (Crypt:1)
  30 merfolk
  6 meliai
  12 trolls
  A tengu simulacrum (Depths:1)
  12 wind drakes
  16 blink frogs
  17 hornets
  31 tarantellas
  An ettin zombie (Vaults:2)
  A fire giant simulacrum (Depths:1)
  A raiju (Zig:6)
  A culicivora zombie (Crypt:2)
  13 dream sheep (Shoals:2)
  A frost giant simulacrum (Depths:1)
  7 snapping turtles
  A jumping spider (shapeshifter) (Vaults:5)
  An iron dragon simulacrum (Depths:1)
  46 slime creatures
  33 water elementals
  27 culicivoras
  2 shadows
  2 stone giant simulacra
  10 air elementals
  A vampire (D:12)
  26 jumping spiders
  12 wyverns
  4 wraiths
  7 ushabtiu
  3 alligator skeletons
  25 flying skulls
  91 yaks
  A steam dragon (D:7)
  10 basilisks
  20 fire elementals
  A spriggan simulacrum (Depths:1)
  A golden eye (Zig:13)
  39 redbacks
  A redback (shapeshifter) (Zig:16)
  A fire bat zombie (Crypt:2)
  4 vampire mosquitoes (D:13)
  A demonspawn zombie (Crypt:3)
  A naga zombie (Crypt:1)
  5 swamp worms (Lair:3)
  5 large abominations
  3 wargs
  A swamp worm (shapeshifter) (Zig:16)
  14 hell hounds
  A fire bat skeleton (Crypt:3)
  4 floating eyes
  A demonspawn skeleton (Tomb:1)
  19 water moccasins
  33 orc warriors
  An ice beast (D:6)
  2 black bears
  An alligator simulacrum (Hell)
  3 ettin simulacra (Depths:2)
  2 great orb of eyes simulacra (IceCv)
  18 ogres
  A boggart (Vaults:1)
  20 centaurs
  14 wolves
  A phantom (D:7)
  2 slime creature simulacra (IceCv)
  6 kobold brigands
  A yaktaur zombie (Crypt:3)
  A torpor snail zombie (Crypt:3)
  3 elf zombies (Elf:1)
  5 earth elementals
  13 bullfrogs
  7 glowing shapeshifter simulacra (IceCv)
  2 gnoll sergeants
  A wyvern zombie (Crypt:2)
  2 scorpions
  3 wights (D:10)
  12 killer bees
  3 electric eels (Lair:1)
  5 lava snakes (Lair:5)
  A crimson imp (D:7)
  A wolf skeleton (Crypt:2)
  A basilisk zombie (Crypt:1)
  3 hounds
  16 orc priests
  A jelly (D:6)
  3 sleepcaps
  Jessica (D:2)
  A boggart zombie (Crypt:2)
  5 iguanas
  21 orc wizards
  Natasha (thrice) (D:2)
  A lightning spire (Zot:1)
  9 hell rats
  A deep dwarf zombie (Crypt:3)
  An ogre skeleton (Crypt:2)
  A hound zombie (Crypt:1)
  10 mummies
  14 gnolls
  A river rat (D:4)
  6 adders
  A shadow imp (D:7)
  4 white imps
  An ufetubus (D:6)
  4 worms
  A dart slug (D:2)
  49 orcs
  11 bats
  A bat zombie (Crypt:3)
  6 endoplasms
  4 giant cockroaches
  6 goblins
  2 hobgoblins
  2 jackals (D:2)
  43 kobolds
  4 quokkas
  4 ball pythons
  2 frilled lizards
  A goblin zombie (Crypt:3)
  An orc skeleton (Crypt:1)
  A quokka skeleton (Crypt:3)
  8 rats
  3 fire vortices (Hell)
  4 tentacles (Shoals:3)
2893 creatures vanquished.

Vanquished Creatures (collateral kills)
  A tentacled monstrosity (Zot:5)
  A green draconian (Zot:3)
2 creatures vanquished.

Vanquished Creatures (others)
  A fire giant (Depths:4)
  A steelbarb worm (Spider:1)
  A fire elemental (Elf:2)
  4 tentacles (Shoals:3)
7 creatures vanquished.

Grand Total: 2902 creatures vanquished

Notes
Turn   | Place    | Note
-------+----------+-------------------------------------------
     0 | D:1      | rocky1 the Gargoyle Earth Elementalist began the quest for
                  | the Orb.
     0 | D:1      | Reached XP level 1. HP: 10/10 MP: 3/3
    11 | D:1      | Found Onlezats's Jewellery Emporium.
   329 | D:1      | Found Saufiugh's Armour Emporium.
   346 | D:1      | Reached XP level 2. HP: 15/15 MP: 3/5
   373 | D:1      | Found Obocek's Jewellery Boutique.
   675 | D:1      | Found Zyuqykanwy's Book Shop.
  1126 | D:2      | Noticed Natasha
  1132 | D:2      | Killed Natasha
  1133 | D:2      | Reached skill level 5 in Earth Magic
  1133 | D:2      | Reached XP level 3. HP: 9/19 MP: 1/6
  1198 | D:2      | Noticed Natasha
  1239 | D:2      | Killed Natasha
  1240 | D:2      | Reached XP level 4. HP: 10/24 MP: 2/7
  1272 | D:2      | Noticed Natasha
  1277 | D:2      | Killed Natasha
  1332 | D:2      | Noticed Jessica
  1337 | D:2      | Killed Jessica
  1338 | D:2      | Reached XP level 5. HP: 15/28 MP: 4/8
  1465 | D:2      | Found a faded altar of an unknown god.
  1640 | D:2      | Learned a level 2 spell: Passwall
  1644 | D:2      | Learned a level 3 spell: Stone Arrow
  1719 | D:2      | Found a glowing golden altar of the Shining One.
  1933 | D:3      | Found a sparkling altar of Nemelex Xobeh.
  2963 | D:4      | Reached XP level 6. HP: 28/32 MP: 6/9
  3053 | D:4      | Found a glowing drain.
  3071 | Sewer    | Entered a sewer
  3785 | D:4      | Noticed Duvessa
  3886 | D:4      | Found a blossoming altar of Fedhas.
  3923 | D:4      | Reached XP level 7. HP: 36/36 MP: 8/11
  3924 | D:4      | Found a staircase to the Ecumenical Temple.
  3935 | D:4      | Identified the ring of Uvvafopo {Contam rPois Str+3 Int+6
                  | Dex+6}
  4247 | D:1      | Bought a +0 pair of boots for 63 gold pieces
  4944 | D:2      | Gained mutation: You possess an exceptional clarity of
                  | mind. [potion of mutation]
  4944 | D:2      | Gained mutation: You expend magic power (3 MP) to
                  | strengthen your wands. [potion of mutation]
  4975 | D:2      | Reached skill level 5 in Fighting
  4975 | D:2      | Reached skill level 5 in Spellcasting
  4975 | D:2      | Reached skill level 5 in Conjurations
  4975 | D:2      | Reached XP level 8. HP: 50/50 MP: 11/16
  5458 | D:2      | Learned a level 5 spell: Lee's Rapid Deconstruction
  5532 | D:5      | Entered Level 5 of the Dungeon
  5541 | D:5      | Identified the +3 flail of Experimentation {pain, Int+3}
  5673 | D:5      | Learned a level 4 spell: Olgreb's Toxic Radiance
  5833 | D:5      | Found a hazy altar of Hepliaklqana.
  6030 | D:5      | Found a burning altar of Makhleb.
  6144 | D:5      | Identified the +6 short sword of Fatigue {flame, rF+ Int+3}
  6254 | D:5      | Found Kak Ufono's Jewellery Shop.
  6498 | D:6      | Found an iron altar of Okawaru.
  6513 | D:6      | Reached skill level 1 in Poison Magic
  6933 | D:6      | Reached XP level 9. HP: 48/55 MP: 14/17
  7690 | D:6      | Found a radiant altar of Vehumet.
  8043 | D:6      | Became a worshipper of Vehumet
  8305 | D:7      | Found a shadowy altar of Dithmenos.
  8418 | D:7      | Found a sacrificial altar of Ru.
  8753 | D:7      | Reached * piety under Vehumet
  8753 | D:7      | Offered knowledge of Freeze by Vehumet.
  9210 | D:7      | Identified a scroll of acquirement
  9213 | D:7      | Acquired 1097 gold pieces
  9376 | D:5      | Bought an amulet of magic regeneration for 330 gold pieces
  9793 | D:8      | Identified the +1 ring mail of the Frog {MP+9 Dex+3}
  9804 | D:8      | Reached XP level 10. HP: 61/61 MP: 13/19
  9834 | D:8      | Learned a level 3 spell: Ignite Poison
  9941 | D:8      | Found a staircase to the Lair.
 10403 | D:8      | Found an opulent altar of Gozag.
 10711 | D:9      | Reached ** piety under Vehumet
 11144 | D:9      | Offered knowledge of Static Discharge by Vehumet.
 11171 | D:9      | Found a bloodstained altar of Trog.
 11893 | D:9      | You fall into a shaft and drop 2 floors!
 12051 | D:11     | Noticed a cyclops
 12056 | D:11     | Killed a cyclops
 12057 | D:11     | Reached XP level 11. HP: 63/68 MP: 12/23
 12271 | D:11     | Noticed a two-headed ogre
 12276 | D:11     | Killed a two-headed ogre
 12991 | D:10     | Entered Level 10 of the Dungeon
 13301 | D:10     | Reached skill level 10 in Spellcasting
 13786 | D:10     | Found a glowing golden altar of the Shining One.
 14690 | D:9      | Offered knowledge of Inner Flame by Vehumet.
 14780 | Lair:1   | Entered Level 1 of the Lair of Beasts
 14955 | Lair:1   | Reached XP level 12. HP: 63/77 MP: 18/26
 14955 | Lair:1   | Reached *** piety under Vehumet
 14956 | Lair:1   | Reached skill level 10 in Fighting
 15846 | Lair:1   | Offered knowledge of Fulminant Prism by Vehumet.
 16464 | Lair:1   | Found a large runed translucent door.
 16465 | Lair:1   | Found a large runed translucent door.
 16465 | Lair:1   | Noticed liarliar's ghost (journeyman HuSu)
 16837 | Lair:1   | Learned a level 6 spell: Leda's Unmaking
 16842 | Lair:1   | Killed liarliar's ghost
 17059 | Lair:2   | Acquired a staff of earth
 17123 | Lair:2   | Noticed a skyshark
 17128 | Lair:2   | Killed a skyshark
 17184 | Lair:2   | Learned a level 3 spell: Ozocubu's Armour
 17235 | Lair:2   | Found an ornate altar of the Wu Jian Council.
 17379 | Lair:2   | Reached skill level 1 in Ice Magic
 17550 | Lair:2   | Reached **** piety under Vehumet
 17680 | Lair:2   | Found a staircase to the Shoals.
 17703 | Lair:2   | Found a stormy altar of Qazlal.
 17773 | Lair:2   | Found a hole to the Spider Nest.
 18276 | Lair:3   | Reached XP level 13. HP: 76/84 MP: 9/29
 18349 | Lair:3   | Offered knowledge of Yara's Violent Unravelling by Vehumet.
 18544 | Lair:3   | Found a transporter.
 18565 | Lair:3   | Found a transporter.
 19458 | Lair:3   | Identified the ring of Edosaw {rF++ Str+6}
 19461 | Lair:3   | Identified the +0 hat "Pax Rien" {rElec Will++ rCorr Dex-3}
 20822 | Lair:4   | Reached skill level 15 in Earth Magic
 21027 | Lair:4   | Reached ***** piety under Vehumet
 21030 | Lair:4   | Offered knowledge of Starburst by Vehumet.
 21311 | Lair:5   | Entered Level 5 of the Lair of Beasts
 21315 | Lair:5   | Reached skill level 10 in Conjurations
 21546 | Lair:5   | Reached skill level 5 in Ice Magic
 21618 | Lair:5   | Gained mutation: Your large and strong wings let you fly.
                  | [Gargoyle growth]
 21618 | Lair:5   | Reached XP level 14. HP: 90/90 MP: 19/30
 21726 | Lair:5   | Found a staircase to the Slime Pits.
 21727 | Lair:5   | Found a viscous altar of Jiyva.
 22013 | Lair:5   | Learned a level 6 spell: Starburst
 22168 | Lair:5   | Found a sparkling altar of Nemelex Xobeh.
 22664 | Lair:5   | Found a large runed translucent door.
 22664 | Lair:5   | Found a large runed translucent door.
 23600 | Lair:5   | Identified the ring "Luahyruc" {rElec rF+ rC+++ rCorr MP-9}
 23821 | D:12     | Found a staircase to the Orcish Mines.
 23821 | D:12     | Found Payl's Armour Emporium.
 24179 | D:12     | Offered knowledge of Fireball by Vehumet.
 24308 | D:12     | Bought the +3 ring mail of Vexation {+Blink rF+ Int+8
                  | Stlth-} for 831 gold pieces
 24308 | D:12     | Bought an orb of guile for 195 gold pieces
 24344 | D:12     | Found a runed translucent door.
 24348 | D:12     | Found the +2 shield of Resistance {rF++ rC++ Will++}
 24352 | D:12     | Found a runed translucent door.
 24379 | D:12     | Reached XP level 15. HP: 40/94 MP: 29/31
 24570 | D:12     | Identified the ring "Yqeoc" {Dex+2 SInv}
 24570 | D:12     | Noticed a tengu reaver
 24578 | D:12     | Killed a tengu reaver
 24663 | D:12     | Identified the +3 chain mail of the Elephant {Int+5 Slay+2}
 24721 | D:12     | Noticed Erolcha
 24726 | D:12     | Killed Erolcha
 24998 | D:12     | Reached skill level 1 in Shields
 25018 | D:12     | HP: 2/94 [centaur warrior/arrow (17)]
 25019 | D:12     | Noticed a fire giant
 25930 | D:12     | Killed a fire giant
 26441 | D:12     | Got the Compendium of Contamination and Glamour
 26446 | D:12     | Got Koiczyur's Codex of Beguiling
 26681 | Orc:1    | Entered Level 1 of the Orcish Mines
 26869 | Orc:2    | Entered Level 2 of the Orcish Mines
 27087 | Orc:2    | Found Roint's Antique Weapon Boutique.
 27099 | Orc:2    | Noticed an orc warlord
 27106 | Orc:2    | Killed an orc warlord
 27219 | Orc:2    | Found Oplym's Antique Armour Shoppe.
 27232 | Orc:2    | Bought a polished leather armour for 140 gold pieces
 27232 | Orc:2    | Identified the +0 leather armour of the Nexus {rPois
                  | Stlth+} (You bought it in a shop on level 2 of the Orcish
                  | Mines)
 27232 | Orc:2    | Bought a crude helmet for 190 gold pieces
 27232 | Orc:2    | Identified the -2 helmet "Xokuziud" {Regen+} (You bought it
                  | in a shop on level 2 of the Orcish Mines)
 27254 | Orc:2    | Reached skill level 5 in Shields
 27442 | Orc:2    | Found Gasyemuo's Book Boutique.
 27537 | Orc:2    | Found a staircase to the Elven Halls.
 27659 | Orc:2    | Found Duppul's General Store.
 27905 | Orc:2    | Bought a scroll of blinking for 97 gold pieces
 27905 | Orc:2    | Bought a lightning rod (4/4) for 390 gold pieces
 28482 | Orc:2    | Found a runed translucent door.
 28483 | Orc:2    | Noticed NightmareEGirl's ghost (journeyman GrFi)
 28494 | Orc:2    | Killed NightmareEGirl's ghost
 28997 | Orc:1    | Noticed Urug
 28997 | Orc:1    | Found Ysaat's Weapon Emporium.
 29001 | Orc:1    | Killed Urug
 29399 | Elf:1    | Entered Level 1 of the Elven Halls
 29402 | Elf:1    | Paralysed by an air elemental for 1 turns
 29548 | Elf:1    | Paralysed by an air elemental for 1 turns
 30171 | Elf:1    | Got the Parchment of the Mortuary
 30239 | Elf:1    | Reached skill level 1 in Staves
 30244 | Elf:1    | Reached XP level 16. HP: 16/100 MP: 8/32
 31556 | Elf:1    | Offered knowledge of Eringya's Noxious Bog by Vehumet.
 31785 | Elf:2    | Reached skill level 10 in Ice Magic
 31795 | Elf:2    | Reached skill level 10 in Shields
 31795 | Elf:2    | Reached skill level 1 in Evocations
 31814 | Elf:2    | Found Weogup's Armour Shop.
 32057 | Elf:2    | Found a huge runed translucent gate.
 32057 | Elf:2    | Found a huge runed translucent gate.
 32057 | Elf:2    | Found a huge runed translucent gate.
 32057 | Elf:2    | Found a huge runed translucent gate.
 32057 | Elf:2    | Found a huge runed translucent gate.
 32728 | Elf:2    | Found a portal to a secret trove of treasure.
 33500 | Elf:2    | Noticed a deep elf blademaster
 33507 | Elf:2    | Killed a deep elf blademaster
 33991 | Elf:2    | Reached XP level 17. HP: 104/104 MP: 26/33
 34300 | Elf:3    | Entered Level 3 of the Elven Halls
 34979 | Elf:3    | Offered knowledge of Plasma Beam by Vehumet.
 36076 | Elf:3    | Identified the +6 whip "Zyit" {pain, Dex+4}
 36472 | Elf:3    | Identified the +3 great sword of Callousness {heavy, rN+
                  | Str-2 Int+9 Stlth-}
 36574 | Elf:3    | Identified the ring "Ramun" {Fly Str+7}
 36575 | Elf:3    | Identified the +3 morningstar "Ytyim" {heavy, rPois rF+}
 36575 | Elf:3    | Identified the +6 longbow of Gin and Tonic {heavy, +Blink
                  | rPois}
 36593 | Elf:3    | Reached skill level 5 in Evocations
 37247 | Elf:3    | Identified the +6 flail "Bule Hiy" {drain, rC+ rN+}
 37322 | Elf:3    | Identified the +2 chain mail "Bischomao" {Fly Will- Dex+3}
 37322 | Elf:3    | Noticed a deep elf blademaster
 37331 | Elf:3    | Killed a deep elf blademaster
 37515 | Elf:3    | Identified the +9 trident of Offence {protect, rF+ rN+}
 37515 | Elf:3    | Identified the +0 plate armour of the Villain {rN+ Str+3}
 37516 | Elf:3    | Noticed a deep elf master archer
 37532 | Elf:3    | Killed a deep elf master archer
 37674 | Elf:3    | Identified the +0 ring mail of the Chewing Gods {rPois
                  | Str+3 Dex+5}
 37674 | Elf:3    | Noticed a deep elf master archer
 37681 | Elf:3    | Killed a deep elf master archer
 37894 | Elf:3    | Identified the +8 crystal plate armour "Duhio" {Dex+6}
 38111 | Elf:3    | Noticed a deep elf blademaster
 38115 | Elf:3    | Killed a deep elf blademaster
 38386 | Elf:3    | Noticed a deep elf blademaster
 38439 | Elf:3    | Killed a deep elf blademaster
 39294 | Elf:3    | Identified the +1 pearl dragon scales "Ikuovyoc" {rN+ MP+9
                  | Dex+2}
 39316 | Elf:3    | Upgraded the game from 0.31-a0-229-g1fc7ce93e2 to
                  | 0.31-a0-233-g139696dc86
 39323 | Elf:3    | Upgraded the game from 0.31-a0-233-g139696dc86 to
                  | 0.31-a0-236-g9a0961fb85
 39365 | Elf:3    | Killed a ghostly deep elf blademaster
 39373 | Elf:3    | Learned a level 6 spell: Plasma Beam
 39442 | Elf:3    | Identified the +8 short sword "Erasadgh" {flame, rPois rN+
                  | Int+3}
 40133 | D:13     | Reached skill level 1 in Fire Magic
 40244 | D:13     | Reached skill level 1 in Air Magic
 40244 | D:13     | Reached XP level 18. HP: 35/110 MP: 4/35
 40710 | D:13     | Offered knowledge of Irradiate by Vehumet.
 40901 | D:14     | Noticed Lodul
 40910 | D:14     | Killed Lodul
 41039 | D:14     | Noticed Louise
 41104 | D:14     | Killed Louise
 41178 | D:14     | Noticed Azrael
 41183 | D:14     | Killed Azrael
 41260 | D:14     | Noticed Nessos
 41264 | D:14     | Killed Nessos
 41355 | D:14     | Found a sacrificial altar of Ru.
 41388 | D:14     | Noticed Frances
 41392 | D:14     | Killed Frances
 41393 | D:14     | Reached skill level 5 in Poison Magic
 41561 | D:14     | Found a gate to the Vaults.
 41653 | D:14     | Found a snail-covered altar of Cheibriados.
 42070 | D:15     | Entered Level 15 of the Dungeon
 42151 | D:15     | Found a staircase to the Depths.
 42202 | D:15     | Found a broken altar of Ashenzari.
 42348 | D:15     | Found a frozen archway.
 42357 | IceCv    | Entered an ice cave
 42690 | IceCv    | Reached skill level 5 in Fire Magic
 42857 | IceCv    | Found a viscous altar of Jiyva.
 42930 | IceCv    | Identified the amulet "Vuedgh" {Faith Dex+4}
 43100 | IceCv    | Got the Teachings on Hail
 43385 | D:15     | Identified the +5 long sword of Moacwoqi {drain, *Rage
                  | rElec rN+ Int+3}
 43840 | Spider:1 | Entered Level 1 of the Spider Nest
 44014 | Spider:1 | Noticed Nikola
 44015 | Spider:1 | Reached ****** piety under Vehumet
 44018 | Spider:1 | Offered knowledge of Spellforged Servitor by Vehumet.
 44028 | Spider:1 | Killed Nikola
 44610 | Spider:2 | Reached skill level 5 in Air Magic
 44747 | Spider:2 | Found a runed translucent gate.
 44748 | Spider:2 | Found a runed translucent gate.
 44750 | Spider:2 | Found a runed translucent gate.
 44750 | Spider:2 | Noticed Shard1697's ghost (adept AtFi)
 45201 | Spider:2 | Reached XP level 19. HP: 75/114 MP: 26/37
 46279 | Spider:2 | Reached skill level 15 in Spellcasting
 46869 | Spider:2 | Killed Shard1697's ghost
 47002 | Spider:2 | Identified the -2 hat "Voophyudgh" {+Inv rF- Str+4}
 47003 | Spider:2 | Identified the +0 helmet of Uqeu {Stlth+}
 47359 | Spider:3 | Offered knowledge of Conjure Ball Lightning by Vehumet.
 48173 | Spider:4 | Entered Level 4 of the Spider Nest
 49582 | Spider:4 | Offered knowledge of Lehudib's Crystal Spear by Vehumet.
 49582 | Spider:4 | Offered knowledge of Shatter by Vehumet.
 49582 | Spider:4 | Offered knowledge of Ignition by Vehumet.
 49909 | Spider:4 | Got a gossamer rune of Zot
 50100 | Shoals:1 | Entered Level 1 of the Shoals
 50378 | Shoals:1 | Found Vaysma Gytamm's Distillery.
 50393 | Shoals:1 | Bought 2 potions of heal wounds for 150 gold pieces
 50393 | Shoals:1 | Bought a potion of heal wounds for 75 gold pieces
 50393 | Shoals:1 | Bought a potion of enlightenment for 75 gold pieces
 50393 | Shoals:1 | Bought a potion of cancellation for 120 gold pieces
 50397 | Shoals:1 | Bought a potion of haste for 150 gold pieces
 50504 | Shoals:1 | Reached XP level 20. HP: 70/120 MP: 35/40
 52450 | Shoals:3 | Noticed Ilsuiw
 52456 | Shoals:3 | Killed Ilsuiw
 53859 | Shoals:4 | Entered Level 4 of the Shoals
 53859 | Shoals:4 | Found a stormy altar of Qazlal.
 53875 | Shoals:4 | Paralysed by an air elemental for 1 turns
 53877 | Shoals:4 | Paralysed by an air elemental for 1 turns
 54065 | Shoals:4 | Got a barnacled rune of Zot
 54136 | Shoals:4 | Identified the +1 robe "Fimat" {rF+}
 54397 | Shoals:4 | Paralysed by an air elemental for 1 turns
 54791 | Shoals:4 | Found a stormy altar of Qazlal.
 54846 | Shoals:4 | Paralysed by an air elemental for 1 turns
 54848 | Shoals:4 | Paralysed by an air elemental for 1 turns
 55453 | Vaults:1 | Entered Level 1 of the Vaults
 55454 | Vaults:1 | Upgraded the game from 0.31-a0-236-g9a0961fb85 to
                  | 0.31-a0-237-g2d982f9f85
 55730 | Vaults:1 | Reached XP level 21. HP: 133/133 MP: 29/41
 55739 | Vaults:1 | Reached skill level 15 in Fighting
 56106 | Vaults:1 | Noticed Zenata
 57449 | Vaults:1 | Found a transporter.
 57455 | Vaults:1 | Noticed Kevimi's ghost (adept FeNe)
 57482 | Vaults:1 | Found a transporter.
 57486 | Vaults:1 | Killed Zenata
 57577 | Vaults:1 | Killed Kevimi's ghost
 58773 | Vaults:1 | Got Fifopn's Teachings on Relocation and Malevolent Arts
 59014 | Vaults:2 | Noticed Sojobo
 59199 | Vaults:2 | Reached XP level 22. HP: 148/148 MP: 26/43
 59202 | Vaults:2 | Noticed Mara
 59265 | Vaults:2 | Killed Mara
 59795 | Vaults:2 | Acquired Qefasal's Parchment of Assaults
 59881 | Vaults:2 | Killed Sojobo
 60736 | Vaults:2 | Got the Treatise on Vitiation and Hypothermia
 62297 | Vaults:3 | Found a staircase to the Crypt.
 62297 | Vaults:3 | Found a basalt altar of Yredelemnul.
 62297 | Vaults:3 | Found an ancient bone altar of Kikubaaqudgha.
 62354 | Vaults:3 | Found Jotinneu's Book Shop.
 62484 | Vaults:3 | Bought a book of Power for 672 gold pieces
 62484 | Vaults:3 | Bought a book of Party Tricks for 256 gold pieces
 62484 | Vaults:3 | Bought a book of Displacement for 352 gold pieces
 62560 | Vaults:3 | Reached skill level 10 in Fire Magic
 63439 | Vaults:4 | Noticed Margery
 63454 | Vaults:4 | Killed Margery
 63528 | Vaults:4 | Reached XP level 23. HP: 155/155 MP: 44/46
 64853 | Vaults:4 | Learned a level 8 spell: Ignition
 64863 | Vaults:4 | Learned a level 9 spell: Shatter
 64863 | Vaults:4 | Upgraded the game from 0.31-a0-237-g2d982f9f85 to
                  | 0.31-a0-246-g8cbcc1cb85
 64895 | Vaults:5 | Entered Level 5 of the Vaults
 64905 | Vaults:4 | Reached skill level 10 in Air Magic
 64926 | Vaults:4 | Upgraded the game from 0.31-a0-246-g8cbcc1cb85 to
                  | 0.31-a0-263-ge8cad7f256
 66526 | Vaults:5 | Reached XP level 24. HP: 147/160 MP: 47/47
 66530 | Vaults:5 | Noticed a dread lich
 66733 | Vaults:5 | Killed a dread lich
 66878 | Vaults:5 | Noticed an ancient lich
 66883 | Vaults:5 | Killed an ancient lich
 67100 | Vaults:5 | Identified the +8 arbalest "Taoshrouj" {elec, *Corrode rF+
                  | Will+ Str+4}
 67502 | Vaults:5 | Found Ruemotzu's General Store.
 67508 | Vaults:5 | Bought a book of Dangerous Friends for 880 gold pieces
 67508 | Vaults:5 | Bought a potion of ambrosia for 176 gold pieces
 67511 | Vaults:5 | Found Bunnos's General Store.
 67519 | Vaults:5 | Bought a book of Flames for 448 gold pieces
 67519 | Vaults:5 | Bought a potion of curing for 48 gold pieces
 67612 | Vaults:5 | Found Kofof's Jewellery Boutique.
 67616 | Vaults:5 | Bought an amulet of faith for 560 gold pieces
 67622 | Vaults:5 | Found Qoimeul's Antique Armour Emporium.
 67683 | Vaults:5 | Identified the +0 plate armour of Summertime {rC++}
 67929 | Vaults:5 | Got a silver rune of Zot
 68136 | Crypt:1  | Entered Level 1 of the Crypt
 68172 | Crypt:1  | Noticed Jory
 68179 | Crypt:1  | Killed Jory
 68318 | Crypt:1  | Noticed Khufu
 68320 | Crypt:1  | Noticed a royal mummy
 68321 | Crypt:1  | Noticed a royal mummy
 68323 | Crypt:1  | Killed a royal mummy
 68324 | Crypt:1  | Killed Khufu
 68324 | Crypt:1  | Killed a royal mummy
 68324 | Crypt:1  | Noticed a royal mummy
 68328 | Crypt:1  | Killed a royal mummy
 70200 | Crypt:3  | Entered Level 3 of the Crypt
 70415 | Crypt:3  | Noticed a curse toe
 70674 | Crypt:3  | Noticed a dread lich
 70678 | Crypt:3  | Killed a dread lich
 70687 | Crypt:3  | Identified the ring "Birer" {rPois rF+++ rN+ Str+3 Dex-4}
 70723 | Crypt:3  | Killed a curse toe
 70807 | Crypt:3  | Identified the amulet "Jopigu" {Spirit +Inv rN+ Slay+4}
 70811 | Crypt:3  | Noticed an ancient lich
 70817 | Crypt:3  | Killed an ancient lich
 70825 | Crypt:3  | Identified the ring of Unkif {rElec rN+ Will+ Dex+2}
 70832 | Crypt:3  | Got the Opusculum on the Mortuary
 70839 | Crypt:3  | Identified the staff of the Eight Geomancers {rN++ Dex-3
                  | Conj}
 71097 | Crypt:3  | Found a staircase to the Tomb.
 71336 | Tomb:1   | Entered Level 1 of the Tomb of the Ancients
 71383 | Tomb:1   | Reached XP level 25. HP: 165/165 MP: 47/47
 71596 | Tomb:1   | Reached skill level 15 in Fire Magic
 71651 | Tomb:1   | Noticed a royal mummy
 71655 | Tomb:1   | Killed a royal mummy
 71658 | Tomb:1   | Noticed a royal mummy
 71666 | Tomb:1   | Killed a royal mummy
 71769 | Tomb:1   | Noticed a royal mummy
 71773 | Tomb:1   | Killed a royal mummy
 71774 | Tomb:1   | Noticed a royal mummy
 71780 | Tomb:1   | Killed a royal mummy
 72373 | Tomb:1   | Noticed a royal mummy
 72380 | Tomb:1   | Killed a royal mummy
 72383 | Tomb:1   | Noticed a royal mummy
 72390 | Tomb:1   | Killed a royal mummy
 72391 | Tomb:1   | Noticed a royal mummy
 72392 | Tomb:1   | Noticed a royal mummy
 72397 | Tomb:1   | Killed a royal mummy
 72398 | Tomb:1   | Killed a royal mummy
 72511 | Tomb:1   | Noticed a royal mummy
 72520 | Tomb:1   | Killed a royal mummy
 72823 | Tomb:1   | Noticed a royal mummy
 72827 | Tomb:1   | Killed a royal mummy
 72881 | Tomb:1   | Noticed a royal mummy
 72883 | Tomb:1   | Killed a royal mummy
 73048 | Tomb:1   | Noticed a royal mummy
 73050 | Tomb:1   | Noticed a royal mummy
 73052 | Tomb:1   | Killed a royal mummy
 73053 | Tomb:1   | Killed a royal mummy
 73053 | Tomb:1   | Noticed a royal mummy
 73062 | Tomb:1   | Killed a royal mummy
 73338 | Tomb:1   | Noticed a royal mummy
 73342 | Tomb:1   | Killed a royal mummy
 73350 | Tomb:1   | Noticed a royal mummy
 73351 | Tomb:1   | Noticed a royal mummy
 73354 | Tomb:1   | Killed a royal mummy
 73355 | Tomb:1   | Killed a royal mummy
 73355 | Tomb:1   | Noticed a royal mummy
 73362 | Tomb:1   | Noticed a royal mummy
 73371 | Tomb:1   | Killed a royal mummy
 73372 | Tomb:1   | Noticed a royal mummy
 73392 | Tomb:1   | Killed a royal mummy
 73395 | Tomb:1   | Noticed a royal mummy
 73407 | Tomb:1   | Killed a royal mummy
 73407 | Tomb:1   | Killed a royal mummy
 74460 | Depths:1 | Entered Level 1 of the Depths
 74975 | Depths:1 | Found a gateway to Hell.
 74977 | Depths:1 | Found Xavamugh's Distillery.
 74979 | Depths:1 | Found a runed translucent gate.
 74979 | Depths:1 | Found a runed translucent gate.
 74979 | Depths:1 | Found a runed translucent gate.
 74984 | Depths:1 | Identified the ring of Istre {Fire rN+}
 74985 | Depths:1 | Bought a potion of enlightenment for 120 gold pieces
 74985 | Depths:1 | Bought a potion of heal wounds for 120 gold pieces
 74985 | Depths:1 | Bought 2 potions of heal wounds for 240 gold pieces
 74985 | Depths:1 | Bought 2 potions of cancellation for 384 gold pieces
 74987 | Depths:1 | Bought a potion of haste for 240 gold pieces
 74994 | Depths:1 | Reached XP level 26. HP: 154/172 MP: 47/47
 75040 | Depths:1 | Noticed Roffer's ghost (adept DsGl)
 75055 | Depths:1 | Killed Roffer's ghost
 75389 | Depths:1 | Identified the +0 scale mail "Soill" {Drain rF+ Regen+}
 75508 | Depths:1 | Found a glowing silver altar of Zin.
 75675 | Depths:1 | You are sucked into a shaft and drop 1 floor!
 75676 | Depths:2 | Found a one-way gate leading to the halls of Pandemonium.
 75960 | Depths:2 | Identified the +3 great sword "Tif Rewo Tyi" {protect,
                  | Int+3}
 76367 | Depths:2 | Found a basalt altar of Yredelemnul.
 77128 | Depths:3 | Found a one-way gate to the infinite horrors of the Abyss.
 77132 | Depths:3 | Noticed Mennas
 77725 | Depths:3 | Identified the +7 halberd "Ose Miligaz" {drain, rC++ Int+3
                  | Dex-5 Stlth+}
 77863 | Depths:3 | Found a one-way gateway to a ziggurat.
 78700 | Depths:4 | Entered Level 4 of the Depths
 78713 | Depths:4 | Noticed a juggernaut
 78716 | Depths:4 | Killed a juggernaut
 78973 | Depths:4 | Reached skill level 5 in Staves
 79171 | Depths:4 | Found a gate to the Realm of Zot.
 79344 | Depths:4 | Noticed a juggernaut
 79348 | Depths:4 | Killed a juggernaut
 79570 | Depths:4 | Reached XP level 27. HP: 179/179 MP: 48/48
 80208 | Hell     | Entered the Vestibule of Hell
 80208 | Hell     | Noticed Geryon
 80214 | Hell     | Reached skill level 1 in Armour
 80226 | Hell     | Killed Geryon
 80411 | Hell     | Found a gateway to the freezing wastes of Cocytus.
 80455 | Hell     | Found a gateway to the decaying netherworld of Tartarus.
 80526 | Hell     | Found a gateway to the ashen valley of Gehenna.
 80546 | Hell     | Found a gateway to the Iron City of Dis.
 80698 | Depths:4 | Learned a level 8 spell: Lehudib's Crystal Spear
 80707 | Depths:4 | Learned a level 8 spell: Maxwell's Capacitive Coupling
 80723 | Zot:1    | Entered Level 1 of the Realm of Zot
 80763 | Zot:1    | Identified the +0 cloak of Nickuyk {rCorr}
 82101 | Zot:2    | Reached skill level 5 in Armour
 82874 | Zot:2    | You are sucked into a shaft and drop 1 floor!
 83542 | Zot:2    | Reached skill level 5 in Dodging
 83619 | Zot:2    | Noticed Vv
 83624 | Zot:2    | Killed Vv
 84165 | Zot:3    | Learned a level 7 spell: Spellforged Servitor
 85084 | Zot:4    | Noticed a dread lich
 85085 | Zot:4    | Noticed a dread lich
 85086 | Zot:4    | Killed a dread lich
 85087 | Zot:4    | Killed a dread lich
 85089 | Zot:4    | Noticed a dread lich
 85090 | Zot:4    | Killed a dread lich
 85090 | Zot:4    | Noticed a dread lich
 85091 | Zot:4    | Killed a dread lich
 85091 | Zot:4    | Killed a dread lich
 85094 | Zot:4    | Noticed a dread lich
 85096 | Zot:4    | Noticed a dread lich
 85098 | Zot:4    | Killed a dread lich
 85099 | Zot:4    | Reached skill level 10 in Staves
 85103 | Zot:4    | Killed a dread lich
 85654 | Zot:4    | Reached skill level 10 in Armour
 85999 | Zot:5    | Entered Level 5 of the Realm of Zot
 86425 | Zot:5    | Found a runed translucent gate.
 86426 | Zot:5    | Found a runed translucent gate.
 86426 | Zot:5    | Found a runed translucent gate.
 86427 | Zot:5    | Found an opulent altar of Gozag.
 86428 | Zot:5    | Found Fomnic's Assorted Antiques.
 86428 | Zot:5    | Noticed salammoniac's ghost (legendary FeSh)
 86440 | Zot:5    | Killed salammoniac's ghost
 86484 | Zot:5    | Noticed an orb of fire
 86486 | Zot:5    | Noticed an orb of fire
 86757 | Zot:5    | Noticed a dread lich
 86758 | Zot:5    | Killed a dread lich
 86760 | Zot:5    | Killed an orb of fire
 86760 | Zot:5    | Noticed an ancient lich
 86761 | Zot:5    | Gained mutation: You are dopey. (Int -2) [an orb of fire]
 86763 | Zot:5    | Killed an ancient lich
 86764 | Zot:5    | Killed an orb of fire
 86771 | Zot:5    | Noticed a dread lich
 86846 | Zot:5    | Killed a dread lich
 86851 | Zot:5    | Reached skill level 10 in Dodging
 87026 | Zot:5    | Bought a scroll of amnesia for 200 gold pieces
 87026 | Zot:5    | Bought a scroll of fog for 200 gold pieces
 87026 | Zot:5    | Bought 2 potions of heal wounds for 500 gold pieces
 87026 | Zot:5    | Bought a dazzling dagger for 350 gold pieces
 87026 | Zot:5    | Identified the +6 dagger of Uskayaw's Respect {freeze,
                  | *Rage rC+ Will+ Dex+2 Stlth+} (You bought it in a shop on
                  | level 5 of the Realm of Zot)
 87169 | Zot:5    | Identified the +1 war axe of Doom {freeze, *Rage Int+4
                  | Dex+4}
 87907 | Zot:5    | Noticed an ancient lich
 87925 | Zot:5    | Killed an ancient lich
 88649 | Depths:3 | Killed Mennas
 88775 | Zig:1    | Entered Level 1 of a ziggurat
 88775 | Zig:1    | Noticed Gakuafi the pandemonium lord
 88780 | Zig:1    | Killed Gakuafi the pandemonium lord
 88781 | Zig:1    | Reached skill level 1 in Summonings
 89015 | Zig:2    | Entered Level 2 of a ziggurat
 89158 | Zig:3    | Entered Level 3 of a ziggurat
 89623 | Zig:3    | Identified the amulet of the Teaching Ancients {RegenMP
                  | Int+2}
 89666 | Zig:4    | Entered Level 4 of a ziggurat
 89986 | Zig:4    | Identified the ring "Osygimott" {rC+ Str+6 Int-3}
 90011 | Zig:5    | Entered Level 5 of a ziggurat
 90135 | Zig:6    | Entered Level 6 of a ziggurat
 90370 | Zig:6    | Identified the +2 morningstar "Pendulum" {venom, Fly Str+4
                  | Dex+3 Stlth-}
 90400 | Zig:7    | Entered Level 7 of a ziggurat
 90406 | Zig:7    | Noticed a dread lich
 90409 | Zig:7    | Killed a dread lich
 90462 | Zig:8    | Entered Level 8 of a ziggurat
 90740 | Zig:9    | Entered Level 9 of a ziggurat
 90749 | Zig:9    | Paralysed by an air elemental for 1 turns
 90995 | Zig:9    | Identified the +3 lajatang "Ovveolew" {flame, rF+ rN+ MP+9
                  | Dex+3}
 91072 | Zig:10   | Entered Level 10 of a ziggurat
 91188 | Zig:10   | Identified the ring of Ziw Owka {Fly rN+ Will- rCorr}
 91200 | Zig:10   | Identified the +8 shortbow of Reorych {flame, rElec Dex+5}
 91202 | Zig:10   | Identified the +7 longbow "Gargoyle's Death" {elec,
                  | *Corrode rF+ MP+9 Str+6}
 91415 | Zig:11   | Entered Level 11 of a ziggurat
 91576 | Zig:11   | Got Filuha's Vellum of Forces and the Blink Frog
 91643 | Zig:12   | Entered Level 12 of a ziggurat
 91833 | Zig:13   | Entered Level 13 of a ziggurat
 91855 | Zig:13   | Found the +5 Storm Queen's Shield {shock, Fly rElec}
 92101 | Zig:13   | Identified the +6 flail "Poehan" {freeze, rElec}
 92102 | Zig:13   | Identified the ring "Badwoeg" {Fire rCorr Int+7 Stlth-}
 92104 | Zig:13   | Identified the ring of Generosity {Ice rN+ Str+3}
 92137 | Zig:13   | Identified the staff "Camij" {+Blink rC- rN+ Int+4 Earth}
 92166 | Zig:14   | Entered Level 14 of a ziggurat
 92229 | Zig:14   | Identified the +7 falchion of the Wilderness {speed, Drain
                  | rElec rPois rC++}
 92437 | Zig:15   | Entered Level 15 of a ziggurat
 92455 | Zig:15   | Noticed an orb of fire
 92455 | Zig:15   | Noticed an orb of fire
 92455 | Zig:15   | Found the ring of the Mage {Wiz Archmagi}
 92455 | Zig:15   | Found the +4 moon troll leather armour {Spirit, Regen++
                  | MP+5}
 92463 | Zig:15   | Killed an orb of fire
 92464 | Zig:15   | Killed an orb of fire
 92797 | Zig:16   | Entered Level 16 of a ziggurat
 92808 | Zig:16   | Noticed an ancient lich
 92809 | Zig:16   | Noticed an ancient lich
 92810 | Zig:16   | Noticed a dread lich
 92810 | Zig:16   | Noticed an ancient lich
 92810 | Zig:16   | Noticed a dread lich
 92812 | Zig:16   | Killed a dread lich
 92813 | Zig:16   | Reached skill level 27 in Earth Magic
 92813 | Zig:16   | Killed an ancient lich
 92814 | Zig:16   | Killed an ancient lich
 92814 | Zig:16   | Killed an ancient lich
 92814 | Zig:16   | Killed a dread lich
 92821 | Zig:16   | Found the +7 great mace "Firestarter" {flame, immolate,
                  | rFlCloud rF++}
 92833 | Zig:16   | Identified the +6 hand axe "Veikk" {heavy, Fragile rElec
                  | rPois rN+}
 92836 | Zig:16   | Identified the ring "Yklid" {rElec Will+ rCorr Dex+3
                  | Stlth-}
 92838 | Zig:16   | Identified the staff of the Secret Suns {rElec rF+++ Str-4
                  | Int-2 SInv Air}
 92848 | Zig:16   | Identified the ring "Dacwesurr" {Fire Dex+3}
 92922 | Zig:17   | Entered Level 17 of a ziggurat
 92941 | Zig:17   | Noticed an ancient lich
 92944 | Zig:17   | Reached skill level 27 in Fighting
 92944 | Zig:17   | Killed an ancient lich
 93107 | Zig:17   | Found the ring of the Hare {EV+10}
 93136 | Zig:17   | Identified the +6 spear of Defilement {speed, *Noise Fly
                  | rElec Will+++}
 93149 | Zig:17   | Identified the +0 leather armour of the Gloaming {rCorr
                  | Str+3 Slay+2 SInv}
 93173 | Zig:17   | Identified the +1 orcbow "Maimekuk" {heavy, rElec rCorr
                  | Int+2}
 93199 | Zig:17   | Reached skill level 5 in Summonings
 93451 | Zig:18   | Entered Level 18 of a ziggurat
 93645 | Zig:18   | Identified the ring "Osiczowi" {rF+ Str+3 Int+6}
 93666 | Zig:18   | Got Hakoneq's Writings on Fiery Angles
 93687 | Zig:18   | Learned a level 9 spell: Fire Storm
 93697 | Zig:18   | Learned a level 9 spell: Polar Vortex
 93700 | Zig:18   | Learned a level 2 spell: Blink
 93706 | Zig:18   | Learned a level 5 spell: Irradiate
 93756 | Zig:19   | Entered Level 19 of a ziggurat
 93776 | Zig:19   | Noticed an orb of fire
 93777 | Zig:19   | Noticed an orb of fire
 93777 | Zig:19   | Noticed an orb of fire
 93777 | Zig:19   | Noticed an orb of fire
 93777 | Zig:19   | Noticed an orb of fire
 93778 | Zig:19   | Noticed an orb of fire
 93778 | Zig:19   | Noticed an orb of fire
 93778 | Zig:19   | Noticed an orb of fire
 93781 | Zig:19   | Killed an orb of fire
 93781 | Zig:19   | Killed an orb of fire
 93783 | Zig:19   | Killed an orb of fire
 93784 | Zig:19   | Killed an orb of fire
 93784 | Zig:19   | Killed an orb of fire
 93784 | Zig:19   | Lost mutation: You possess an exceptional clarity of mind.
                  | [an orb of fire]
 93784 | Zig:19   | Gained mutation: You are very dopey. (Int -4) [an orb of
                  | fire]
 93785 | Zig:19   | Gained mutation: You are partially covered in iridescent
                  | scales. (AC +2) [an orb of fire]
 93786 | Zig:19   | Killed an orb of fire
 93786 | Zig:19   | Gained mutation: You occasionally shout uncontrollably at
                  | your foes. [an orb of fire]
 93788 | Zig:19   | Killed an orb of fire
 93788 | Zig:19   | Gained mutation: You do not regenerate when monsters are
                  | visible. [an orb of fire]
 93789 | Zig:19   | Killed an orb of fire
 94070 | Zig:19   | Lost mutation: You are partially covered in iridescent
                  | scales. (AC +2) [potion of mutation]
 94070 | Zig:19   | Lost mutation: You are very dopey. (Int -4) [potion of
                  | mutation]
 94070 | Zig:19   | Lost mutation: You do not regenerate when monsters are
                  | visible. [potion of mutation]
 94070 | Zig:19   | Gained mutation: You have an increased reservoir of magic.
                  | (+10% MP) [potion of mutation]
 94070 | Zig:19   | Gained mutation: Your body sometimes deteriorates upon
                  | taking damage. [potion of mutation]
 94070 | Zig:19   | Lost mutation: You are dopey. (Int -2) [potion of mutation]
 94070 | Zig:19   | Gained mutation: You have sharp toenails. [potion of
                  | mutation]
 94090 | Zig:19   | Got the Precepts of Breezy Mustering
 94095 | Zig:19   | Identified the +5 short sword of Destiny {heavy, Fly Int+4}
 94096 | Zig:19   | Identified the +5 short sword "Gitrisch" {freeze, rPois
                  | Str+2}
 94101 | Zig:19   | Identified the staff of the Screaming Priest {rN+ rCorr
                  | Str+4 Stlth+ Necro}
 94176 | Zig:20   | Entered Level 20 of a ziggurat
 94191 | Zig:20   | Noticed a royal mummy
 94191 | Zig:20   | Noticed a royal mummy
 94193 | Zig:20   | Killed a royal mummy
 94193 | Zig:20   | Killed a royal mummy
 94193 | Zig:20   | Noticed a royal mummy
 94194 | Zig:20   | Noticed a royal mummy
 94194 | Zig:20   | Noticed a royal mummy
 94194 | Zig:20   | Noticed a royal mummy
 94195 | Zig:20   | Noticed a royal mummy
 94197 | Zig:20   | Killed a royal mummy
 94197 | Zig:20   | Killed a royal mummy
 94197 | Zig:20   | Noticed a royal mummy
 94198 | Zig:20   | Killed a royal mummy
 94198 | Zig:20   | Killed a royal mummy
 94198 | Zig:20   | Killed a royal mummy
 94199 | Zig:20   | Noticed a royal mummy
 94204 | Zig:20   | Killed a royal mummy
 94204 | Zig:20   | HP: 3/199 [something (13)]
 94204 | Zig:20   | Killed by an exploding bennu... ignited by themself

Illustrated notes

Levels and vault maps discovered:
D:1:      erik_arrival_blinker_ship, layout_loops_ring, serial_shops, shop,
          shop, shop, nicolae_shop_rolling_square
D:2:      layout_rooms, ebering_ecumenical_altar_hall, basic_altar,
          uniq_natasha, uniq_jessica
D:3:      layout_loops_ring, mainiacjoe_overflow_cross_hatched
D:4:      layout_basic, fedhas_altar_2, minmay_temple_entry_ruins,
          cheibrodos_sewer_entry_sluice, grunt_ministairs_12, uniq_duvessa
D:5:      layout_gridville, mainiacjoe_overflow_catch_the_wave, serial_shops,
          shop, grunt_ministairs_4, minmay_fractal_squares_gapless_5
D:6:      layout_basic, okawaru_ov_weapons_minmay, marbit_many_paths,
          chequers_serial_rivers_small_3
D:7:      layout_cave_pools, lemuel_crystal_altar, lemuel_doored_altar,
          minmay_fire_ice_demons
D:8:      layout_cave_pools, amcnicky_altar_gilded, lair_entry_dummy
D:9:      layout_loops_cross, lemuel_crystal_altar
D:10:     layout_irregular_city, mainiacjoe_overflow_catwalk, uniq_josephine
D:11:     layout_loops_cross
D:12:     minmay_strange_plus, layout_cave_pools, orc_david_3,
          minmay_guarded_unrand_resistance, uniq_erolcha
D:13:     layout_long_grid
D:14:     minmay_connected_triangles_in_corner, layout_cave_pods, erik_vaults_2,
          nicolae_ru_sacrificial_ziggurat, cheibriados_altar_1, uniq_azrael,
          uniq_frances, uniq_nessos, uniq_louise, uniq_lodul
D:15:     grunt_enter_depths_hoard, layout_loops_ring,
          portal_ice_cave_entry_pillars_1, hangedman_decor_push,
          skrybe_limestone_x, evilmike_ruin_ashenzari
Lair:1:   layout_chaotic_city, ebering_ghost_disaster_area, fungi_pond_lemuel,
          serial_bayou_shore_a
Lair:2:   layout_gridlike, minmay_shoals_entry_lonely_mermaid,
          spider_nest_entry_webs, basic_altar, lemuel_centaur_altar
Lair:3:   gammafunk_worm_tunnel, layout_regular_city, dpeg_stationary_puzzle
Lair:4:   layout_cave_pods, grunt_megastairs_3
Lair:5:   cheibrodos_lair_end_hotspot, layout_hall_layers,
          minmay_slime_entry_eyes, special_room [special_room_mythical_zoo],
          basic_altar
Shoals:1: cheibrodos_shoals_satyrical_garden, layout_shoals, serial_shops,
          nicolae_shop_temple_entry_statues_fountains, kb_tengu_band
Shoals:2: layout_shoals, yaktaur_hedge
Shoals:3: layout_shoals, st_shoals_ruin, uniq_ilsuiw
Shoals:4: shoals_end_hellmonk_storm_palace [storm_palace_center_circular,
          storm_palace_corner_reverse_hut, storm_palace_corner_narrow,
          storm_palace_corner_altar, storm_palace_corner_altar], serial_shops
Spider:1: layout_spider_delve, uniq_nikola
Spider:2: layout_chambers, gammafunk_ghost_tricky_traps
Spider:3: layout_spider_delve, spiders_nest_hornet_nest
Spider:4: spider_rune_water
Orc:1:    layout_caves, serial_shops, shop, uniq_urug
Orc:2:    grunt_orc_gardens, layout_diamond_mine, grunt_orc_garden,
          grunt_orc_garden, grunt_orc_garden, grunt_orc_garden,
          ebering_ghost_reflecting_pool, minmay_orc_temple_a
Elf:1:    elf_arrival_002, layout_onion_city, minmay_elf_necromancy
Elf:2:    elven_hall_of_blades_hangedman_alternative
          [nicolae_blade_entry_sentries_behind_glass], layout_geoelf_octagon,
          nicolae_trove_entry_path_of_doom, serial_shops, shop
Elf:3:    minmay_elf_hall_furrowed, layout_geoelf_octagon, st_stairs_2
Vaults:1: gammafunk_ghost_mausoleum, nicolae_vaults_house_3,
          nicolae_vaults_storage_room_statues, v_misc_4, grunt_vaults_funnel,
          dpeg_vaults_waves, vaults_mumra_hex, nicolae_vaults_more_shelving_1,
          hangedman_vaults_locks, nicolae_vaults_sightless_eye,
          vaults_room_pool, vaults_dpeg_diagonal, layout_vaults_ring,
          uniq_zenata
Vaults:2: nicolae_vaults_shrinking_rooms_2, nicolae_vaults_wrenched,
          nicolae_vaults_three_branches, nicolae_vaults_offset_grid_hallway_4,
          nicolae_vaults_hallways_thing, nicolae_vaults_closet_pinwheel_6,
          hangedman_vaults_stretched_pinwheel, hangedman_vaults_stream,
          nicolae_vaults_tetromino_Z_1, nicolae_vaults_alarming,
          nicolae_vaults_apartment_1, layout_vaults_big_room, uniq_sojobo,
          uniq_mara
Vaults:3: minmay_crypt_entry_necro_gods, nicolae_vaults_puzzle_piece, v_rooms_2,
          nicolae_vaults_weapon_check, v_misc_28,
          nicolae_vaults_little_squares_4, nicolae_vaults_storage_closets_2,
          nicolae_vaults_sesquioval_fish, nicolae_vaults_variable_pillar_hall,
          nicolae_vaults_diamond_2, vaults_room_large_hall,
          layout_vaults_maze_bifur, serial_shops, shop
Vaults:4: nicolae_vaults_closet_pinwheel_4, nicolae_vaults_big_ls,
          nicolae_vaults_sesquioval_fish, v_misc_5,
          nicolae_vaults_shipping_containers_2, v_misc_17, v_misc_33,
          nicolae_vaults_trapezoid_3, nicolae_vaults_gold_heap,
          nicolae_vaults_network_square, nicolae_vaults_tetromino_L_1,
          nicolae_vaults_diagonal_hallway_6, ontoclasm_vaults_gateway,
          layout_vaults_omnibox, uniq_margery
Vaults:5
Crypt:1:  layout_regular_city, uniq_khufu, uniq_jory
Crypt:2:  layout_gridlike, nicolae_crypt_stairs_room, grunt_megastairs_4
Crypt:3:  david_glass_crypt, layout_chaotic_city, hex_tiny,
          roderic_lattice_octagonal_star
Tomb:1
Depths:1: layout_gridlike, zin_angel, gammafunk_ghost_icy, serial_shops, shop,
          hell_entry, minmay_crystal_water, kennysheep_small_square
Depths:2: hangedman_elemental_death_ray, layout_cave_pools,
          minmay_misc_feat_rows, grunt_mini_vestibule, pan_entry,
          yredelemnul_forgotten_temple_becter, uniq_josephina
Depths:3: cheibrodos_leafed_vault, layout_basic, enter_ziggurat_f, hell_entry,
          serial_sigils, serial_sigils_hangedman_quiver,
          serial_sigils_hangedman_gnaw, serial_sigils_hangedman_snap,
          serial_sigils_hangedman_confine, serial_sigils_hangedman_scratch,
          abyss_entry_crystal, serial_bayou_shore_b, uniq_mennas
Depths:4: evilmike_zot_entry_diamond, layout_gridlike, hell_entry,
          corexii_corridor_pit, grunt_megastairs_1
Hell
Zot:1:    ebering_greatest_show_in_zot, layout_onion, amethyst_zot_foddershock
Zot:2:    layout_gridlike, grunt_megastairs_5, uniq_vv
Zot:3:    layout_twisted_circle
Zot:4:    hellmonk_paralyzer, layout_gridlike, kennysheep_underground_church
Zot:5:    layout_basic, ebering_ghost_gozag
Zig:20:   ziggurat_pillar_abc, ziggurat_pillar_abc, ziggurat_pillar_abc,
          ziggurat_pillar_abc

Skill      XL: |  1  2  3  4  5  6  7  8  9 10 11 12 13 14 15 16 17 18 19 20 21 22 23 24 25 26 27 |
---------------+----------------------------------------------------------------------------------+-----
Earth Magic    | 4 5 6 7 8 12 13 15 17 18 19 22 24 25 27 | 27.0
Spellcasting   | 3 5 6 8 10 12 13 14 16 17 19 20 21 25 | 25.0
Fighting       | 5 6 8 9 11 14 18 19 27 | 27.0
Stealth        | 6 |  6.5
Conjurations   | 5 6 7 10 12 13 | 13.8
Poison Magic   | 1 2 3 5 |  5.0
Ice Magic      | 2 5 7 9 10 11 | 11.7
Shields        | 8 11 14 | 14.1
Staves         | 1 2 6 12 | 12.0
Evocations     | 3 5 7 |  7.3
Fire Magic     | 1 6 8 9 10 12 14 17 | 17.8
Air Magic      | 1 5 7 9 10 13 | 13.0
Armour         | 12 | 12.0
Dodging        | 10 | 10.0
Summonings     | 5 |  5.2
Transmutations | |  0.7
Shapeshifting  | |  0.5

Action                     |  1- 3 |  4- 6 |  7- 9 | 10-12 | 13-15 | 16-18 | 19-21 | 22-24 | 25-27 || total
---------------------------+-------+-------+-------+-------+-------+-------+-------+-------+-------++-------
  Melee: Mace              |     4 |    12 |     2 |       |       |       |       |       |       ||    18
         Short sword       |       |       |       |     8 |       |       |       |       |       ||     8
         Staff             |       |       |       |       |   135 |   122 |   391 |   246 |   892 ||  1786
         Punch             |       |       |       |       |     1 |       |       |       |       ||     1
  Throw: Dart              |       |     1 |       |       |       |       |       |       |       ||     1
   Cast: Sandblast         |    33 |    93 |   107 |     9 |    35 |     5 |       |       |       ||   282
         Olgreb's Toxic Ra |       |       |     7 |    45 |    64 |    34 |    59 |     7 |       ||   216
         Lee's Rapid Decon |       |       |     3 |       |    32 |    73 |    70 |    32 |     8 ||   218
         Stone Arrow       |       |       |       |    81 |     3 |     5 |       |       |       ||    89
         Ignite Poison     |       |       |       |    30 |    36 |    25 |    33 |     8 |       ||   132
         Leda's Unmaking   |       |       |       |    33 |   255 |   367 |   474 |    78 |    60 ||  1267
         Ozocubu's Armour  |       |       |       |       |     2 |       |       |       |     3 ||     5
         Plasma Beam       |       |       |       |       |       |       |     3 |   358 |   111 ||   472
         Starburst         |       |       |       |       |       |       |     8 |       |       ||     8
         Shatter           |       |       |       |       |       |       |       |    56 |   333 ||   389
         Ignition          |       |       |       |       |       |       |       |       |    13 ||    13
         Lehudib's Crystal |       |       |       |       |       |       |       |       |    84 ||    84
         Spellforged Servi |       |       |       |       |       |       |       |       |     5 ||     5
         Maxwell's Capacit |       |       |       |       |       |       |       |       |     1 ||     1
Ability: Evoke Blink       |       |       |       |       |       |       |       |       |     1 ||     1
  Evoke: Wand              |       |       |       |       |       |       |     2 |       |     3 ||     5
         Tin of tremorston |       |       |       |       |       |       |     1 |       |     2 ||     3
         Lightning rod     |       |       |       |       |       |       |       |       |     1 ||     1
    Use: Potion            |       |       |     8 |       |     5 |     9 |     8 |     2 |    26 ||    58
         Scroll            |       |       |    13 |     8 |     4 |     8 |    10 |     7 |    15 ||    65
   Stab: Invisible         |       |       |       |       |       |       |     2 |       |       ||     2
         Petrified         |       |       |       |       |       |       |       |       |    12 ||    12
 Armour: Robe              |     9 |    15 |    21 |    43 |   112 |    37 |       |       |       ||   237
         Ring mail         |       |       |       |       |       |    85 |   243 |   249 |   513 ||  1090
  Dodge: Dodged            |    21 |    15 |    32 |    61 |   122 |   103 |   153 |   111 |   252 ||   870
  Block: Kite shield       |       |       |       |       |       |   170 |   329 |   274 |   509 ||  1282

Table legend: (Time is in decaauts)
 A = Elapsed time spent in this place.
 B = Non-inter-level travel time spent in this place.
 C = Inter-level travel time spent in this place.
 D = Time resting spent in this place.
 E = Time spent auto-exploring this place.
 F = Levels seen in this place.
 G = Mean time per level.
                   A        B        C        D        E       F      G
               +--------+--------+--------+--------+--------+-----+--------+
         Total |  94537 |  89951 |   4586 |  40821 |  33119 |  74 | 1277.5 |
       Dungeon |  22217 |  20378 |   1839 |   9478 |   8420 |  15 | 1481.1 |
          Lair |   8585 |   8172 |    413 |   3417 |   3602 |   5 | 1717.0 |
        Shoals |   5150 |   4919 |    231 |   1266 |   2774 |   4 | 1287.5 |
   Spider Nest |   6005 |   5777 |    228 |   2295 |   2152 |   4 | 1501.2 |
  Orcish Mines |   2794 |   2611 |    183 |   1425 |    854 |   2 | 1397.0 |
   Elven Halls |  10188 |   9967 |    221 |   6163 |   2281 |   3 | 3396.0 |
        Vaults |  12625 |  11959 |    666 |   5779 |   3947 |   5 | 2525.0 |
         Crypt |   3294 |   3165 |    129 |    670 |   1974 |   3 | 1098.0 |
          Tomb |   2923 |   2816 |    107 |   1463 |    638 |   1 | 2923.0 |
        Depths |   5867 |   5672 |    195 |   1854 |   2712 |   4 | 1466.8 |
          Hell |    474 |    474 |      0 |      8 |    338 |   1 |  474.0 |
           Zot |   7722 |   7352 |    370 |   2746 |   3157 |   5 | 1544.4 |
      Ziggurat |   5414 |   5414 |      0 |   3708 |    103 |  20 |  270.7 |
         Sewer |    487 |    487 |      0 |    144 |      0 |   1 |  487.0 |
      Ice Cave |    785 |    785 |      0 |    400 |    167 |   1 |  785.0 |
               +--------+--------+--------+--------+--------+-----+--------+

Top non-repeatable levels by time:
   Elf:3: 4383 daAuts
Vaults:4: 3688 daAuts
   Elf:2: 3573 daAuts
Vaults:1: 3547 daAuts
  Tomb:1: 2923 daAuts
Spider:2: 2687 daAuts
Vaults:2: 2486 daAuts
    D:11: 2290 daAuts
   Elf:1: 2231 daAuts
  Lair:5: 2203 daAuts
     D:2: 2099 daAuts
   Zot:2: 2009 daAuts
   Zot:5: 1987 daAuts
    D:10: 1912 daAuts
  Lair:3: 1870 daAuts
